 Dungeon Crawl Stone Soup version 0.32-a0-450-g080537f31e (webtiles) character file.

Game seed: 11351929393050253059

60 domi the Shooter (level 4, -1/33 HPs)
             Began as a Coglin Hunter on Feb 24, 2024.
             Slain by a gnoll
             ... wielding a +0 spear
              (6 damage)
             ... on level 2 of the Dungeon.
             The game lasted 00:01:36 (868 turns).

domi the Shooter (Coglin Hunter)                     Turns: 868, Time: 00:01:36

Health: -1/33      AC:  3    Str: 12    XL:     4   Next: 6%
Magic:  4/4        EV: 12    Int:  8    God:
Gold:   76         SH:  0    Dex: 19    Spells: 3/3 levels left

rFire   . . .        a - +0 shortbow {Vikramjeet}
rCold   . . .        (shield currently unavailable)
rNeg    . . .        c - +0 leather armour
rPois   .            (no helmet)
rElec   .            (no cloak)
rCorr   .            (no gloves)
SInv    .            (no boots)
Will    .....        (no amulet)
Stlth   ++           (no ring)
HPRegen 0.25/turn    (no ring)
MPRegen 0.09/turn

%: no passive effects
@: immotile, revved
A: off-hand wielding, slow wielding, warmup strikes, legs shutdown
a: no special abilities


You were on level 2 of the Dungeon.
You visited 1 branch of the dungeon, and saw 2 of its levels.

You collected 76 gold pieces.

Inventory:

Hand Weapons
 a - a +0 shortbow (weapon) {Vikramjeet}
Armour
 c - a +0 leather armour (worn)
 g - a +0 helmet
   (You found it on level 1 of the Dungeon)
 h - a +0 pair of boots
   (You found it on level 1 of the Dungeon)
Scrolls
 b - 2 scrolls of butterflies
 d - a scroll of noise {unknown}
 e - 3 scrolls of identify {unknown}
 f - a scroll of enchant weapon {unknown}
 i - a scroll of immolation {unknown}
 j - a scroll of poison {unknown}


   Skills:
 - Level 2.0 Fighting
 + Level 5.0 Ranged Weapons
 - Level 1.7 Dodging
 - Level 0.7 Stealth


You had 3 spell levels left.
You didn't know any spells.
Your spell library was empty.

Dungeon Overview and Level Annotations

Branches:
Dungeon (2/15)

Altars:


Innate Abilities, Weirdness & Mutations

You can wield a second weapon in your off-hand.
It takes a long time for you to wield or remove held weapons.
Your first few attacks do less damage.
Attacking and casting redirects power from your legs.


Message History

The gnoll shouts!
The arrow hits the kobold.
A gnoll comes into view. It is wielding a +0 spear.
There are monsters nearby!
You shoot an arrow. The gnoll shouts!
The arrow hits the kobold but does no damage.
A bat comes into view.
There are monsters nearby!
You shoot an arrow. The arrow barely misses the kobold.
You shoot an arrow. The arrow hits the kobold.
You kill the kobold!
The bat hits you but does no damage.
You shoot an arrow. The arrow hits the bat.
The bat barely misses you.
The gnoll hits you from afar with a +0 spear!
The gnoll hits you from afar with a +0 spear.
You shoot an arrow. The arrow hits the bat!
You kill the bat!
The gnoll hits you from afar with a +0 spear!
You are too injured to fight recklessly!
You are too injured to fight recklessly!
You cannot move.
You cannot move.
You cannot move.
You cannot move.
Fire: a) +0 shortbow {Vikramjeet}
Press: ? - help, Q - select action Shift-Dir - straight line, f - gnoll
Aim: a gnoll, wielding a +0 spear (68% to hit)
You shoot an arrow. The arrow hits the gnoll!
The gnoll hits you but does no damage.
Fire: a) +0 shortbow {Vikramjeet}
Press: ? - help, Q - select action Shift-Dir - straight line, f/p - gnoll
Aim: a gnoll, wielding a +0 spear (heavily wounded, 68% to hit)
You shoot an arrow.
The arrow hits the gnoll but does no damage.
The gnoll barely misses you. x2
Fire: a) +0 shortbow {Vikramjeet}
Press: ? - help, Q - select action Shift-Dir - straight line, f/p - gnoll
Aim: a gnoll, wielding a +0 spear (heavily wounded, 68% to hit)
You shoot an arrow. The arrow hits the gnoll.
The gnoll barely misses you.
The gnoll hits you but does no damage. x2
Fire: a) +0 shortbow {Vikramjeet}
Press: ? - help, Q - select action Shift-Dir - straight line, f/p - gnoll
Aim: a gnoll, wielding a +0 spear (almost dead, 68% to hit)
You shoot an arrow. The arrow hits the gnoll.
You kill the gnoll!
The gnoll barely misses you.
Your Ranged Weapons skill increases to level 5!
You have reached level 4!
You feel stronger.
Fire: a) +0 shortbow {Vikramjeet}
Press: ? - help, Q - select action Shift-Dir - straight line, f - gnoll
Aim: a gnoll, wielding a +0 spear (68% to hit)
You shoot an arrow. The arrow barely misses the gnoll.
The gnoll hits you from afar with a +0 spear.
Fire: a) +0 shortbow {Vikramjeet}
Press: ? - help, Q - select action Shift-Dir - straight line, f/p - gnoll
Aim: a gnoll, wielding a +0 spear (68% to hit)
You shoot an arrow. The arrow hits the gnoll.
The gnoll hits you from afar with a +0 spear.
* * * LOW HITPOINT WARNING * * *
Fire: a) +0 shortbow {Vikramjeet}
Press: ? - help, Q - select action Shift-Dir - straight line, f/p - gnoll
Aim: a gnoll, wielding a +0 spear (lightly wounded, 68% to hit)
You shoot an arrow.
The arrow hits the gnoll but does no damage.
The gnoll hits you but does no damage.
Fire: a) +0 shortbow {Vikramjeet}
Press: ? - help, Q - select action Shift-Dir - straight line, f/p - gnoll
Aim: a gnoll, wielding a +0 spear (lightly wounded, 68% to hit)
You shoot an arrow. The arrow hits the gnoll.
The gnoll barely misses you.
The gnoll splashes around in the water.
Fire: a) +0 shortbow {Vikramjeet}
Press: ? - help, Q - select action Shift-Dir - straight line, f/p - gnoll
Aim: a gnoll, wielding a +0 spear (moderately wounded, 68% to hit)
You shoot an arrow.
The arrow hits the gnoll but does no damage.
The gnoll closely misses you.
Fire: a) +0 shortbow {Vikramjeet}
Press: ? - help, Q - select action Shift-Dir - straight line, f/p - gnoll
Aim: a gnoll, wielding a +0 spear (moderately wounded, 68% to hit)
You shoot an arrow. The arrow hits the gnoll.
The gnoll closely misses you.
Fire: a) +0 shortbow {Vikramjeet}
Press: ? - help, Q - select action Shift-Dir - straight line, f/p - gnoll
Aim: a gnoll, wielding a +0 spear (heavily wounded, 68% to hit)
You shoot an arrow. The arrow barely misses the gnoll.
The gnoll hits you from afar with a +0 spear.
* * * LOW HITPOINT WARNING * * *
Fire: a) +0 shortbow {Vikramjeet}
Press: ? - help, Q - select action Shift-Dir - straight line, f/p - gnoll
Aim: a gnoll, wielding a +0 spear (heavily wounded, 68% to hit)
You shoot an arrow. The arrow closely misses the gnoll.
The gnoll closely misses you.
Fire: a) +0 shortbow {Vikramjeet}
Press: ? - help, Q - select action Shift-Dir - straight line, f/p - gnoll
Aim: a gnoll, wielding a +0 spear (heavily wounded, 68% to hit)
You shoot an arrow. The arrow hits the gnoll.
The gnoll hits you from afar with a +0 spear.
You die...

... ... ....
####### .)...
#.....##.....
####......).....
.........)g.~...
#....@.†⌠~..#
#.......~~..#
###.##......#
####...##.)#..#
#<.........# ..
### #.##...###.#
# #.# #.###.##
.# #.#
#####.###.# .#
#.# #.....†...#


You could see a gnoll.

Vanquished Creatures
  A gnoll (D:2)
  An adder (D:2)
  A dart slug (D:1)
  7 bats
  3 endoplasms (D:1)
  A giant cockroach (D:1)
  A goblin (D:1)
  3 hobgoblins (D:1)
  4 jackals (D:1)
  A quokka (D:1)
  2 ball pythons
  A frilled lizard (D:1)
  8 kobolds
  2 rats (D:1)
36 creatures vanquished.

Notes
Turn   | Place    | Note
-------+----------+-------------------------------------------
     0 | D:1      | domi the Coglin Hunter began the quest for the Orb.
     0 | D:1      | Reached XP level 1. HP: 16/16 MP: 1/1
   104 | D:1      | Reached skill level 4 in Ranged Weapons
   104 | D:1      | Reached XP level 2. HP: 22/22 MP: 2/2
   276 | D:1      | Reached XP level 3. HP: 27/27 MP: 3/3
   860 | D:2      | Reached skill level 5 in Ranged Weapons
   860 | D:2      | Reached XP level 4. HP: 14/33 MP: 4/4
   866 | D:2      | HP: 4/33 [gnoll/+0 spear (6)]
   868 | D:2      | Slain by a gnoll

Illustrated notes

Levels and vault maps discovered:
D:1:      scummos_arrival_hexagon, layout_loops_ring
D:2:      layout_loops_ring, corexii_leaking_fountain,
          nicolae_concentric_dashed_squares_mild, serial_bayou_pond_b,
          kennysheep_generic_room_11

Skill      XL: |  1  2  3 |
---------------+----------+-----
Ranged Weapons | 4 5 |  5.0
Fighting       | |  2.0
Dodging        | |  1.7
Stealth        | |  0.7

Action                     |  1- 3 |  4- 6 || total
---------------------------+-------+-------++-------
   Fire: Shortbow          |    97 |     9 ||   106
 Armour: Leather armour    |    24 |     5 ||    29
  Dodge: Dodged            |    34 |     4 ||    38

Table legend: (Time is in decaauts)
 A = Elapsed time spent in this place.
 B = Non-inter-level travel time spent in this place.
 C = Inter-level travel time spent in this place.
 D = Time resting spent in this place.
 E = Time spent auto-exploring this place.
 F = Levels seen in this place.
 G = Mean time per level.
                   A        B        C        D        E       F      G
               +--------+--------+--------+--------+--------+-----+--------+
         Total |    891 |    867 |     24 |      0 |    701 |   2 |  445.5 |
       Dungeon |    891 |    867 |     24 |      0 |    701 |   2 |  445.5 |
               +--------+--------+--------+--------+--------+-----+--------+

Top non-repeatable levels by time:
     D:1: 759 daAuts
     D:2: 132 daAuts

Levels and vault maps discovered:
D:1:      scummos_arrival_hexagon, layout_loops_ring
D:2:      layout_loops_ring, corexii_leaking_fountain,
          nicolae_concentric_dashed_squares_mild, serial_bayou_pond_b,
          kennysheep_generic_room_11

Table legend: (Time is in decaauts)
 A = Elapsed time spent in this place.
 B = Non-inter-level travel time spent in this place.
 C = Inter-level travel time spent in this place.
 D = Time resting spent in this place.
 E = Time spent auto-exploring this place.
 F = Levels seen in this place.
 G = Mean time per level.
                   A        B        C        D        E       F      G
               +--------+--------+--------+--------+--------+-----+--------+
         Total |    891 |    867 |     24 |      0 |    701 |   2 |  445.5 |
       Dungeon |    891 |    867 |     24 |      0 |    701 |   2 |  445.5 |
               +--------+--------+--------+--------+--------+-----+--------+

Top non-repeatable levels by time:
     D:1: 759 daAuts
     D:2: 132 daAuts

Table legend:
 A = Kills in this place as a percentage of kills in the entire game.
 B = Kills by you in this place as a percentage of kills by you in the entire game.
 C = Kills by friends in this place as a percentage of kills by friends in the entire game.
 D = Other kills in this place as a percentage of other kills in the entire game.
 E = Experience gained in this place as a percentage of experience gained in the entire game.
 F = Experience gained in this place divided by the number of levels of this place that you have seen.
                   A       B       C       D       E      F
               +-------+-------+-------+-------+-------+----------------------
         Total | 100.0 | 100.0 |   N/A |   N/A | 100.0 |  43.5
       Dungeon | 100.0 | 100.0 |   N/A |   N/A | 100.0 |  43.5
               +-------+-------+-------+-------+-------+----------------------
